 Dungeon Sprint DCSS version 0.17-a0-755-g4391640 (webtiles) character file.

53288 DEFE the Warrior (level 14, -2/150 HPs)
             Began as a Naga Fire Elementalist on Apr 22, 2015.
             Was the Champion of Vehumet.
             Slain by a red devil
             ... wielding a +0 trident
             ... summoned by a greater mummy
              (10 damage)
             ... in the Dungeon (Sprint V: "Ziggurat Sprint").
             The game lasted 00:24:42 (2783 turns).

DEFE the Warrior (Naga Fire Elementalist)           Turns: 2783, Time: 00:24:43

Health: -2/150     AC: 34    Str: 11    XL:     14   Next: 67%
Magic:  17/31      EV: 12    Int: 32    God:    Vehumet [******]
Gold:   0          SH: 13    Dex: 12    Spells: 6 memorised, 11 levels left

rFire  + + +     SeeInvis +     J - +3 Elemental Staff {rElec rF++ rC++ MR++ AC+5} (curse)
rCold  + + .     Clarity  .     S - +3 scale mail {rF+}
rNeg   + . .     SustAb   .     M - +3 shield
rPois  +         Gourm    .     (no helmet)
rElec  +         Spirit   .     (no cloak)
rCorr  .         Warding  +     (no gloves)
rMut   .         NoTele   +     A - +6 lightning scales {run, rElec} (curse)
MR     +++..                    Z - brooch of Shielding {Ward rN+ AC+4 EV+4} (curse)
Stlth  +++.......               C - +6 ring of intelligence
                                B - +6 ring of intelligence

@: very slightly contaminated, hasted, studying Charms, heavily drained, quick,
extremely resistant to hostile enchantments, fairly stealthy
A: see invisible, deformed body, poison resistance, slowness 2, slow metabolism
1, spit poison 2, constrict 1, AC +4
a: Spit Poison, Renounce Religion


You were in the Dungeon.
You worshipped Vehumet.
Vehumet was exalted by your worship.
You were not hungry.

You visited 1 branch

Inventory:

Hand weapons
 J - the cursed +3 Elemental Staff (weapon) {rElec rF++ rC++ MR++ AC+5}
   (You found it in the Dungeon)

   It affects your AC (+5).
   It greatly protects you from fire.
   It greatly protects you from cold.
   It insulates you from electricity.
   It affects your resistance to hostile enchantments.
   It has a curse placed upon it.
 O - a cursed +5 lajatang
Armour
 a - a +0 robe
 A - the cursed +6 lightning scales (worn) {run, rElec}
   (You found it in the Dungeon)

   It insulates you from electricity.
   It has a curse placed upon it.
 L - a cursed +3 large shield
 M - a +3 shield (worn)
 N - the +18 shield of the gong {rElec rN+ MR+ EV-5}
   (You found it in the Dungeon)

   It affects your evasion (-5).
   It insulates you from electricity.
   It protects you from negative energy.
   It affects your resistance to hostile enchantments.
 P - the +6 chain mail of Trog's Approval {Regen+ Dex-2 Slay+5 Stlth+}
   (You found it in the Dungeon)

   It affects your dexterity (-2).
   It affects your accuracy and damage with ranged weapons and melee attacks
   (+5).
   It increases your rate of regeneration.
   It makes you more stealthy.
 S - a +3 scale mail of fire resistance (worn)
Magical staves
 U - an uncursed staff of fire
Jewellery
 B - a +6 ring of intelligence (left hand)
 C - a +6 ring of intelligence (right hand)
 V - an uncursed ring of fire
 Y - a cursed amulet of clarity
 Z - the cursed brooch of Shielding (around neck) {Ward rN+ AC+4 EV+4}
   (You found it in the Dungeon)

   [amulet of warding]

   It may prevent the melee attacks of summoned creatures.
   It affects your AC (+4).
   It affects your evasion (+4).
   It protects you from negative energy.
   It has a curse placed upon it.
Magical devices
 F - a wand of disintegration (7)
 G - a wand of fire (2)
 H - a wand of cold (4)
 I - a wand of draining (1)
Scrolls
 i - 2 scrolls of blinking
 q - 4 scrolls of amnesia
 r - 2 scrolls of recharging
 s - 7 scrolls of fog
 u - 5 scrolls of identify
 v - 5 scrolls of remove curse
 w - 2 scrolls of fear
Potions
 d - 7 potions of curing
 f - 3 potions of haste
 g - 6 potions of magic
 h - 2 potions of berserk rage
 l - 2 potions of restore abilities
 m - 3 potions of resistance
 o - 4 potions of agility
 p - 5 potions of might
Books
 b - a book of Transfigurations

   Spells                             Type                      Level
   a - Stoneskin                      Transmutation/Earth          2
   b - Irradiate                      Conjuration/Transmutation    5
   c - Statue Form                    Transmutation/Earth          6
   d - Hydra Form                     Transmutation                6
   e - Dragon Form                    Transmutation                7
 t - a book of Clouds

   Spells                             Type                      Level
   a - Mephitic Cloud                 Conjuration/Poison/Air       3
   b - Conjure Flame                  Conjuration/Fire             3
   c - Poisonous Cloud                Conjuration/Poison/Air       6
   d - Freezing Cloud                 Conjuration/Ice/Air          6
   e - Ring of Flames                 Charms/Fire                  7
 D - a manual of Charms
 E - a book of Geomancy

   Spells                             Type                      Level
   a - Sandblast                      Earth                        1
   b - Stoneskin                      Transmutation/Earth          2
   c - Passwall                       Transmutation/Earth          3
   d - Stone Arrow                    Conjuration/Earth            3
   e - Petrify                        Transmutation/Earth          4
   f - Lee's Rapid Deconstruction     Earth                        5
 Q - the Catalogue of Malediction
   (You found it in the Dungeon)

   Spells                             Type                      Level
   a - Ensorcelled Hibernation        Hexes/Ice                    2
   b - Summon Guardian Golem          Hexes/Summoning              3
   c - Silence                        Hexes/Air                    5
   d - Darkness                       Hexes                        7
 R - the Compendium of Cloudy Toxins
   (You found it in the Dungeon)

   Spells                             Type                      Level
   a - Sting                          Conjuration/Poison           1
   b - Repel Missiles                 Charms/Air                   2
   c - Flight                         Charms/Air                   3
   d - Ignite Poison                  Fire/Transmutation/Poison    3
   e - Summon Lightning Spire         Summoning/Air                4
   f - Venom Bolt                     Conjuration/Poison           5
 W - the Incunabulum of Supportive Changing
   (You found it in the Dungeon)

   Spells                             Type                      Level
   a - Summon Butterflies             Summoning                    1
   b - Sticks to Snakes               Transmutation                2
   c - Stoneskin                      Transmutation/Earth          2
   d - Abjuration                     Summoning                    3
   e - Spider Form                    Transmutation/Poison         3
   f - Dragon's Call                  Summoning                    9
 X - a book of Alchemy

   Spells                             Type                      Level
   a - Sublimation of Blood           Necromancy                   2
   b - Alistair's Intoxication        Transmutation/Poison         4
   c - Condensation Shield            Ice                          4
   d - Petrify                        Transmutation/Earth          4
   e - Ignite Poison                  Fire/Transmutation/Poison    3
   f - Irradiate                      Conjuration/Transmutation    5
Miscellaneous
 n - a disc of storms
 K - a crystal ball of energy
 T - 3 phantom mirrors
Comestibles
 c - 5 bread rations
 x - 42 fruits
 z - 2 meat rations


   Skills:
 + Level 16.2(14.6) Fighting
 - Level 10.1(8.7) Staves
 - Level 11.1(9.7) Armour
 + Level 12.0(10.6) Dodging
 - Level 10.7(9.3) Stealth
 - Level 9.6(8.3) Shields
 + Level 13.0(11.5) Spellcasting
 + Level 13.8(12.3) Conjurations
 - Level 12.1(10.7) Fire Magic
 + Level 10.8(9.4) Ice Magic
 - Level 7.8(6.5) Air Magic
 + Level 13.7(12.1) Evocations


You had 11 spell levels left.
You knew the following spells:

 Your Spells              Type           Power        Failure   Level  Hunger
a - Flame Tongue          Conj/Fire      #####        1%          1    None
b - Fireball              Conj/Fire      #######...   1%          5    ##.....
c - Ignite Poison         Fire/Trmt/Pois #####...     3%          3    None
d - Bolt of Cold          Conj/Ice       ######....   7%          6    ####...
e - Orb of Destruction    Conj           #######...   28%         7    ######.
f - Freezing Cloud        Conj/Ice/Air   ######....   13%         6    ####...


Dungeon Overview and Level Annotations

Branches:
Dungeon (1/1)

Altars:
Ashenzari
Cheibriados
Dithmenos
Elyvilon
Fedhas
Gozag
Kikubaaqudgha
Makhleb
Nemelex Xobeh
Okawaru
Qazlal
Ru
Sif Muna
Trog
Vehumet
Xom
Yredelemnul
Zin
The Shining One
Beogh
Jiyva
Lugonu

Annotations:
D Nergalle


Innate Abilities, Weirdness & Mutations

You cannot wear boots.
Your serpentine skin is tough (AC +4).
You have supernaturally acute eyesight.
Armour fits poorly on your strangely shaped body.
Your system is resistant to poisons.
You cover ground very slowly.
You have a slow metabolism.
You can spit poison.
You can use your snake-like lower body to constrict enemies.


Message History

The jackal skeleton closely misses you.
The red devil's attack is warded away.
The greater mummy casts a spell.
You block the red devil's attack.
The anubis guard howls a hunting cry!
Found eleven items.
Drink which item? (? for menu, Esc to quit)
You feel better. You block the spectral bat's attack.
The flayed ghost cries, "Suffer as I suffered!"
The mummy priest mumbles some strange prayers to its god.
The orange demon closely misses you.
The orange demon hits you but does no damage.
Unknown command.
The emperor scorpion looks more healthy.
The hungry ghost disappears in a puff of smoke!
The spectral bat hits you but does no damage. x2
The greater mummy casts a spell at you. Something smites you!
* * * LOW HITPOINT WARNING * * *
The red devil hits you from afar with a trident!
You die...

▓...............▓...........
▓...............▓▓▓▓▓▓▓▓▓▓▓▓
▓...............▓.≈..≈8©8.≈.
▓▓▓▓▓▓▓▓▓▓▓▓▓▓▓▓▓≈.:):}")|:}
...8©8......▓≈.|:[|)\|})
=}:?}}!..:..▓...≈≈)≈.≈≈.
.:.=)[}|.)..▓≈.≈....)≈≈.
....}:4......▓..≈..)†≈≈≈.
....MZzM@z≈..▓.≈..†≈)≈≈≈.
...)3ZWM4VZB..▓..≈.≈.)....
....≈ZMM4zs4§≈.▓.≈...))≈...
§....M8M.sZ4MZ.▓..▓...))≈.▓
.....ZZWMsnsWW.▓..≈.≈....≈.
▓......B3sH4Bn§.▓.≈.≈.......
..▓.§4§zsB▓z§.▓....≈.≈≈.≈. .
▓§▓.VMW§▓Z▓§.▓▓▓▓▓▓▓▓▓▓▓▓
▓...▓§.VM.V§▓...▓.....8©8...


You could see 2 greater mummies, 6 emperor scorpions, 4 mummy priests, a
jiangshi, an ice devil, a flayed ghost, an orange demon, an anubis guard, an
ushabti, a rust devil, a freezing wraith, a spectral bat, a sixfirhy, a hungry
ghost, a neqoxec, 2 vampires, 4 red devils, 4 death scarabs, 2 necrophages, 2
shadows, 4 flying skulls, 4 mummies, a wight, 2 bat simulacra, an adder
simulacrum, a quokka zombie, a bat skeleton, a ball python skeleton, an adder
skeleton and a jackal skeleton.

Vanquished Creatures
  Polyphemus (D)
  Agnes (D)
  A frost giant (D)
  Maud (D)
  A ghoul (D)
  5 reapers (D)
  2 very ugly things (D)
  3 vampire knights (D)
  Nessos (D)
  A merfolk javelineer (D)
  4 blizzard demons (D)
  4 merfolk impalers (D)
  An ice dragon (D)
  A merfolk avatar (D)
  A merfolk aquamancer (D)
  2 vampire magi (D)
  3 death scarabs (D)
  10 ice devils (D)
  3 skeletal warriors (D)
  A shadow wraith (D)
  A sea snake (D)
  A flayed ghost (D)
  2 deep elf summoners (D)
  Pikel (D)
  A harpy (D)
  A deep elf conjurer (D)
  An anubis guard (shapeshifter) (D)
  3 manticores (D)
  A rust devil (D)
  2 necromancers (D)
  A black mamba (D)
  2 naga magi (D)
  Joseph (D)
  2 sirens (D)
  A sixfirhy (D)
  2 tormentors (D)
  3 guardian mummies (D)
  An elf (shapeshifter) (D)
  4 blue devils (D)
  A red devil (D)
  2 merfolk (D)
  6 freezing wraiths (D)
  A polar bear (shapeshifter) (D)
  2 jumping spiders (shapeshifter) (D)
  A snapping turtle (D)
  A baby alligator (shapeshifter) (D)
  8 polar bears (D)
  Grinder (D)
  A slime creature (D)
  5 vampires (D)
  A flying skull (D)
  4 shadows (D)
  A redback (shapeshifter) (D)
  A deep elf fighter (D)
  A neqoxec (D)
  A tarantella (shapeshifter) (D)
  2 wraiths (D)
  A golden eye (D)
  2 nagas (D)
  2 porcupines (D)
  3 hell hounds (D)
  2 phantoms (D)
  2 ice beasts (D)
  4 necrophages (D)
  An eye of draining (D)
  7 wights (D)
  A crimson imp (D)
  A quasit (D)
  2 orc priests (D)
  2 jellies (D)
  2 iguanas (D)
  3 iron imps (D)
  3 orc wizards (D)
  Jessica (D)
  A spectral orc (D)
  A sheep (D)
  7 mummies (D)
  2 adders (D)
  2 white imps (D)
  A giant eyeball (D)
  2 ufetubi (D)
  7 adder skeletons (D)
  2 adder zombies (D)
  2 orcs (D)
  2 ball pythons (D)
  3 bat skeletons (D)
  2 bat zombies (D)
  2 ball python skeletons (D)
  A giant cockroach simulacrum (D)
  3 giant gecko skeletons (D)
  2 giant gecko zombies (D)
  A jackal skeleton (D)
  A jackal zombie (D)
  A quokka skeleton (D)
  4 quokka zombies (D)
  2 fungi (D)
208 creatures vanquished.

Vanquished Creatures (others)
  A merfolk (D)
  A spectral orc (D)
  A bat skeleton (D)
3 creatures vanquished.

Grand Total: 211 creatures vanquished

Notes
Turn   | Place    | Note
--------------------------------------------------------------
     0 | D        | DEFE, the Naga Fire Elementalist, began the quest for the Orb.
     0 | D        | Reached XP level 1. HP: 15/15 MP: 3/3
     0 | D        | Found a viscous altar of Jiyva.
     0 | D        | Found a corrupted altar of Lugonu.
     0 | D        | Found a white marble altar of Elyvilon.
     1 | D        | Found a burning altar of Makhleb.
     1 | D        | Found an iron altar of Okawaru.
     3 | D        | Found a sparkling altar of Nemelex Xobeh.
     3 | D        | Found a basalt altar of Yredelemnul.
     3 | D        | Found a deep blue altar of Sif Muna.
     3 | D        | Found a radiant altar of Vehumet.
     7 | D        | Found a bloodstained altar of Trog.
    32 | D        | Found a shimmering altar of Xom.
    61 | D        | Reached skill level 4 in Stealth
    61 | D        | Reached XP level 2. HP: 20/27 MP: 4/6
    86 | D        | Became a worshipper of Vehumet
   153 | D        | Entered arena 1.
   153 | D        | Noticed an iron imp
   153 | D        | Noticed an iron imp
   160 | D        | Killed an iron imp
   160 | D        | Reached skill level 5 in Stealth
   160 | D        | Reached skill level 1 in Evocations
   160 | D        | Reached XP level 3. HP: 33/33 MP: 7/7
   161 | D        | Killed an iron imp
   161 | D        | Acquired Vehumet's first power
   161 | D        | Offered knowledge of Sandblast by Vehumet.
   161 | D        | Reached XP level 4. HP: 42/42 MP: 9/9
   230 | D        | Entered arena 2.
   230 | D        | Noticed an orc priest
   230 | D        | Noticed an orc wizard
   234 | D        | Killed an orc wizard
   239 | D        | Killed an orc priest
   239 | D        | Reached skill level 6 in Stealth
   239 | D        | Reached XP level 5. HP: 32/49 MP: 10/10
   370 | D        | Entered arena 3.
   370 | D        | Noticed a necrophage
   370 | D        | Noticed a phantom
   370 | D        | Noticed a wight
   371 | D        | Killed a wight
   371 | D        | Offered knowledge of Sting by Vehumet.
   373 | D        | Killed a necrophage
   373 | D        | Reached skill level 7 in Stealth
   373 | D        | Reached skill level 5 in Fire Magic
   373 | D        | Reached XP level 6. HP: 55/57 MP: 12/12
   387 | D        | Killed a phantom
   387 | D        | Acquired Vehumet's second power
   393 | D        | Got the +6 chain mail of Trog's Approval {Regen+ Dex-2 Slay+5 Stlth+}
   395 | D        | Identified the Catalogue of Malediction (You found it in the Dungeon)
   516 | D        | Learned a level 5 spell: Fireball
   516 | D        | Entered arena 4.
   516 | D        | Noticed an orc wizard
   516 | D        | Noticed an orc wizard
   516 | D        | Noticed an orc priest
   517 | D        | Killed an orc wizard
   517 | D        | Offered knowledge of Searing Ray by Vehumet.
   517 | D        | Killed an orc wizard
   517 | D        | Reached skill level 8 in Stealth
   517 | D        | Reached skill level 5 in Spellcasting
   519 | D        | Killed an orc priest
   519 | D        | Acquired Vehumet's third power
   605 | D        | Entered arena 5.
   605 | D        | Noticed a porcupine
   605 | D        | Noticed an iguana
   605 | D        | Noticed an iguana
   605 | D        | Noticed a porcupine
   608 | D        | Killed a porcupine
   608 | D        | Reached skill level 5 in Fighting
   608 | D        | Reached skill level 5 in Conjurations
   608 | D        | Reached XP level 7. HP: 52/67 MP: 8/14
   608 | D        | Killed an iguana
   608 | D        | Reached skill level 5 in Staves
   608 | D        | Reached skill level 1 in Armour
   609 | D        | Killed a porcupine
   610 | D        | Killed an iguana
   684 | D        | Entered arena 6.
   684 | D        | Noticed a jelly
   684 | D        | Noticed a jelly
   684 | D        | Noticed a slime creature
   684 | D        | Noticed a golden eye
   684 | D        | Noticed an eye of draining
   685 | D        | Killed a golden eye
   685 | D        | Offered knowledge of Static Discharge by Vehumet.
   685 | D        | Reached skill level 9 in Stealth
   685 | D        | Killed a jelly
   685 | D        | Reached skill level 5 in Dodging
   685 | D        | Reached XP level 8. HP: 75/75 MP: 13/16
   687 | D        | Killed a jelly
   687 | D        | Reached skill level 5 in Evocations
   687 | D        | Killed an eye of draining
   689 | D        | Killed a slime creature
   689 | D        | Reached skill level 5 in Shields
   701 | D        | Identified the Incunabulum of Supportive Changing (You found it in the Dungeon)
   709 | D        | Learned a level 3 spell: Ignite Poison
   766 | D        | Entered arena 7.
   766 | D        | Noticed an ice devil
   766 | D        | Noticed a crimson imp
   766 | D        | Noticed a sixfirhy
   766 | D        | Noticed a quasit
   768 | D        | Killed a sixfirhy
   768 | D        | Reached skill level 10 in Stealth
   769 | D        | Killed a quasit
   785 | D        | Killed an ice devil
   785 | D        | Reached XP level 9. HP: 31/86 MP: 7/18
   793 | D        | Killed a crimson imp
  1016 | D        | Entered arena 8.
  1016 | D        | Noticed a deep elf conjurer
  1016 | D        | Noticed an elf
  1016 | D        | Noticed a deep elf fighter
  1016 | D        | Noticed a deep elf summoner
  1016 | D        | Noticed a deep elf summoner
  1019 | D        | Killed an elf
  1019 | D        | Offered knowledge of Mephitic Cloud by Vehumet.
  1019 | D        | Killed a deep elf summoner
  1024 | D        | Killed a deep elf summoner
  1024 | D        | Reached XP level 10. HP: 80/98 MP: 6/20
  1026 | D        | Killed a deep elf conjurer
  1033 | D        | Killed a deep elf fighter
  1077 | D        | Got the amulet "Huheuthery" {Inacc rElec rPois Str+3}
  1085 | D        | Entered arena 9.
  1085 | D        | Noticed a freezing wraith
  1085 | D        | Noticed a blue devil
  1085 | D        | Noticed a polar bear
  1085 | D        | Noticed a polar bear
  1085 | D        | Noticed an ice beast
  1085 | D        | Noticed a freezing wraith
  1085 | D        | Noticed a freezing wraith
  1085 | D        | Noticed a polar bear
  1087 | D        | Killed a freezing wraith
  1087 | D        | Killed a freezing wraith
  1087 | D        | Reached skill level 5 in Armour
  1088 | D        | Killed a freezing wraith
  1088 | D        | Killed a blue devil
  1088 | D        | Killed a polar bear
  1088 | D        | Reached skill level 10 in Fighting
  1089 | D        | Killed an ice beast
  1090 | D        | Killed a polar bear
  1090 | D        | Killed a polar bear
  1098 | D        | Got the ring of the Peasants {rPois Str+2 Dex-4 Stlth+}
  1145 | D        | Entered arena 10.
  1145 | D        | Noticed a naga mage
  1145 | D        | Noticed a black mamba
  1145 | D        | Noticed a naga mage
  1145 | D        | Noticed a naga
  1145 | D        | Noticed a naga
  1146 | D        | Killed a naga
  1146 | D        | Offered knowledge of Bolt of Cold by Vehumet.
  1147 | D        | Killed a black mamba
  1148 | D        | Killed a naga mage
  1149 | D        | Killed a naga mage
  1149 | D        | Reached XP level 11. HP: 110/110 MP: 11/23
  1150 | D        | Killed a naga
  1229 | D        | Entered arena 11.
  1229 | D        | Noticed a jumping spider
  1229 | D        | Noticed a neqoxec
  1229 | D        | Noticed a baby alligator
  1229 | D        | Noticed a white very ugly thing
  1229 | D        | Noticed a wolf spider
  1229 | D        | Noticed a snapping turtle
  1229 | D        | Noticed a jumping spider
  1229 | D        | Noticed a swamp dragon
  1230 | D        | Noticed a white very ugly thing
  1230 | D        | a wolf spider changed into a merfolk
  1230 | D        | Noticed a mana viper
  1230 | D        | a snapping turtle changed into a mana viper
  1231 | D        | Noticed a polar bear
  1231 | D        | Killed a neqoxec
  1231 | D        | a swamp dragon changed into a draconian
  1232 | D        | Killed a polar bear
  1232 | D        | a mana viper changed into a yaktaur
  1233 | D        | Reached skill level 11 in Fighting
  1236 | D        | Killed a white very ugly thing
  1237 | D        | Killed a white very ugly thing
  1237 | D        | Killed a jumping spider
  1238 | D        | Killed a baby alligator
  1238 | D        | Reached skill level 10 in Fire Magic
  1238 | D        | Killed a jumping spider
  1249 | D        | Noticed a shock serpent
  1249 | D        | a black mamba changed into a shock serpent
  1250 | D        | Noticed an anubis guard
  1250 | D        | a shock serpent changed into an anubis guard
  1259 | D        | Killed an anubis guard
  1361 | D        | Learned a level 6 spell: Bolt of Cold
  1363 | D        | Entered arena 12.
  1363 | D        | Noticed a necromancer
  1363 | D        | Noticed a skeletal warrior
  1363 | D        | Noticed a vampire knight
  1363 | D        | Noticed a vampire knight
  1363 | D        | Noticed a vampire
  1363 | D        | Noticed a vampire mage
  1364 | D        | Noticed a wight
  1366 | D        | Killed a wight
  1368 | D        | Noticed a necrophage
  1369 | D        | Killed a vampire
  1369 | D        | Reached skill level 12 in Fighting
  1370 | D        | Killed a vampire knight
  1370 | D        | Reached skill level 1 in Ice Magic
  1372 | D        | Killed a vampire knight
  1372 | D        | Offered knowledge of Venom Bolt by Vehumet.
  1379 | D        | Killed a vampire mage
  1379 | D        | Reached skill level 10 in Staves
  1379 | D        | Reached skill level 10 in Conjurations
  1379 | D        | Reached XP level 12. HP: 93/123 MP: 6/25
  1380 | D        | Killed a necrophage
  1381 | D        | Killed a necromancer
  1388 | D        | Killed a skeletal warrior
  1390 | D        | Got the ring "Qathoi" {-Tele MR+ Int+4 Stlth+}
  1427 | D        | Identified the Almanac of Hurtful Shape Shifting (You found it in the Dungeon)
  1432 | D        | Identified the Compendium of Cloudy Toxins (You found it in the Dungeon)
  1435 | D        | Entered arena 13.
  1435 | D        | Noticed Grinder
  1435 | D        | Noticed Nergalle
  1436 | D        | Noticed Nessos
  1436 | D        | Noticed Joseph
  1436 | D        | Noticed Agnes
  1436 | D        | Noticed Pikel
  1437 | D        | Noticed Polyphemus
  1438 | D        | Noticed Maud
  1441 | D        | Noticed Jessica
  1442 | D        | Killed Grinder
  1442 | D        | Reached skill level 10 in Evocations
  1445 | D        | Killed Agnes
  1445 | D        | Reached skill level 13 in Fighting
  1447 | D        | Killed Jessica
  1448 | D        | Killed Pikel
  1448 | D        | Reached skill level 10 in Spellcasting
  1448 | D        | Killed Maud
  1464 | D        | Killed Joseph
  1472 | D        | Killed Polyphemus
  1472 | D        | Reached skill level 5 in Ice Magic
  1479 | D        | Killed Nessos
  1587 | D        | Entered arena 14.
  1587 | D        | Noticed an ice devil
  1587 | D        | Noticed a shadow
  1588 | D        | Offered knowledge of Orb of Destruction by Vehumet.
  1589 | D        | Noticed an ice devil
  1589 | D        | Noticed an ice dragon
  1589 | D        | Noticed a tormentor
  1589 | D        | Noticed a phantom
  1589 | D        | Noticed a wight
  1589 | D        | Killed a wight
  1590 | D        | Noticed a blue devil
  1590 | D        | Noticed a vampire
  1590 | D        | Killed a shadow
  1591 | D        | Killed an ice devil
  1591 | D        | Reached skill level 14 in Fighting
  1592 | D        | Noticed a vampire
  1592 | D        | Killed a phantom
  1592 | D        | Killed a tormentor
  1595 | D        | Killed an ice devil
  1595 | D        | Killed an ice dragon
  1596 | D        | Killed a vampire
  1596 | D        | Gained mutation: You can use your snake-like lower body to constrict enemies. [Naga growth]
  1596 | D        | Reached XP level 13. HP: 130/135 MP: 8/27
  1597 | D        | Killed a blue devil
  1602 | D        | Killed a vampire
  1633 | D        | Learned a level 7 spell: Orb of Destruction
  1701 | D        | Entered arena 15.
  1701 | D        | Noticed a vampire knight
  1701 | D        | Noticed a necrophage
  1701 | D        | Noticed a vampire mage
  1701 | D        | Noticed a skeletal warrior
  1701 | D        | Noticed a wight
  1702 | D        | Noticed a vampire
  1702 | D        | Offered knowledge of Spellforged Servitor by Vehumet.
  1705 | D        | Noticed a wight
  1705 | D        | Killed a vampire mage
  1706 | D        | Noticed a wight
  1707 | D        | Noticed a ghoul
  1707 | D        | Killed a wight
  1707 | D        | Identified a +2 rod of inaccuracy (8/11)
  1708 | D        | Noticed a skeletal warrior
  1708 | D        | Noticed a necromancer
  1711 | D        | Killed a skeletal warrior
  1712 | D        | Killed a vampire
  1712 | D        | Killed a wight
  1713 | D        | Killed a wight
  1723 | D        | Killed a necrophage
  1725 | D        | Killed a skeletal warrior
  1725 | D        | Killed a vampire knight
  1725 | D        | Reached skill level 10 in Dodging
  1726 | D        | Killed a necromancer
  1735 | D        | Killed a ghoul
  1784 | D        | Learned a level 6 spell: Freezing Cloud
  2017 | D        | Entered arena 16.
  2019 | D        | Noticed an ice devil
  2019 | D        | Noticed a polar bear
  2020 | D        | Noticed a polar bear
  2020 | D        | Noticed an ice devil
  2020 | D        | Noticed an ice devil
  2020 | D        | Noticed a blizzard demon
  2020 | D        | Noticed a freezing wraith
  2020 | D        | Killed a polar bear
  2020 | D        | Offered knowledge of Poison Arrow by Vehumet.
  2021 | D        | Noticed a polar bear
  2021 | D        | Noticed an ice devil
  2021 | D        | Noticed a blizzard demon
  2021 | D        | Killed an ice devil
  2021 | D        | Reached skill level 1 in Air Magic
  2021 | D        | Killed an ice devil
  2021 | D        | Killed a blizzard demon
  2022 | D        | Noticed a frost giant
  2022 | D        | Killed an ice devil
  2023 | D        | Noticed a polar bear
  2023 | D        | Noticed a polar bear
  2023 | D        | Killed a freezing wraith
  2023 | D        | Killed a blizzard demon
  2024 | D        | Killed an ice devil
  2025 | D        | Killed a polar bear
  2025 | D        | Killed a polar bear
  2027 | D        | Killed a polar bear
  2033 | D        | Killed a frost giant
  2033 | D        | Reached skill level 15 in Fighting
  2039 | D        | Killed a polar bear
  2176 | D        | Entered arena 17.
  2179 | D        | Noticed a manticore
  2179 | D        | Noticed a merfolk
  2179 | D        | Noticed a merfolk
  2180 | D        | Noticed a merfolk impaler
  2180 | D        | Noticed a merfolk aquamancer
  2180 | D        | Noticed a merfolk javelineer
  2180 | D        | Noticed a harpy
  2180 | D        | Noticed a manticore
  2180 | D        | Noticed a merfolk impaler
  2180 | D        | Noticed a merfolk impaler
  2180 | D        | Noticed a merfolk avatar
  2181 | D        | Noticed a manticore
  2182 | D        | Noticed a siren
  2182 | D        | Noticed a siren
  2184 | D        | Noticed a snapping turtle
  2184 | D        | Noticed a merfolk impaler
  2184 | D        | Noticed a sea snake
  2185 | D        | Noticed a merfolk
  2185 | D        | Killed a siren
  2185 | D        | Offered knowledge of Bolt of Fire by Vehumet.
  2185 | D        | Killed a merfolk
  2186 | D        | Killed a siren
  2187 | D        | Killed a merfolk javelineer
  2188 | D        | Killed a merfolk impaler
  2188 | D        | Reached skill level 10 in Armour
  2189 | D        | Killed a merfolk aquamancer
  2190 | D        | Killed a harpy
  2191 | D        | Killed a merfolk
  2192 | D        | Killed a merfolk impaler
  2192 | D        | Reached skill level 5 in Air Magic
  2192 | D        | Reached XP level 14. HP: 127/147 MP: 8/30
  2193 | D        | Killed a merfolk impaler
  2194 | D        | Killed a merfolk impaler
  2199 | D        | Killed a merfolk avatar
  2204 | D        | Killed a merfolk
  2204 | D        | Killed a manticore
  2207 | D        | Killed a manticore
  2214 | D        | Killed a sea snake
  2219 | D        | Killed a snapping turtle
  2240 | D        | Killed a manticore
  2311 | D        | Entered arena 18.
  2311 | D        | Noticed a hell hound
  2312 | D        | Noticed a hell hound
  2312 | D        | Noticed a hell hound
  2313 | D        | Killed a hell hound
  2316 | D        | Noticed an ice devil
  2316 | D        | Noticed an ice devil
  2320 | D        | Noticed a blue devil
  2321 | D        | Killed a hell hound
  2323 | D        | Killed an ice devil
  2324 | D        | Killed a blue devil
  2324 | D        | Killed an ice devil
  2328 | D        | Killed a hell hound
  2340 | D        | Noticed an iron imp
  2340 | D        | Noticed a red devil
  2340 | D        | Noticed a reaper
  2341 | D        | Noticed a reaper
  2350 | D        | Noticed a flying skull
  2350 | D        | Noticed a reaper
  2351 | D        | Offered knowledge of Delayed Fireball by Vehumet.
  2352 | D        | Noticed a shadow
  2352 | D        | Noticed a rust devil
  2353 | D        | Noticed a wraith
  2353 | D        | Noticed a reaper
  2354 | D        | Killed an iron imp
  2355 | D        | Noticed a reaper
  2355 | D        | Killed a flying skull
  2356 | D        | Killed a reaper
  2360 | D        | Killed a wraith
  2363 | D        | Killed a reaper
  2363 | D        | Reached skill level 10 in Ice Magic
  2363 | D        | Killed a reaper
  2363 | D        | Killed a reaper
  2364 | D        | Killed a shadow
  2366 | D        | Killed a reaper
  2366 | D        | Reached skill level 16 in Fighting
  2376 | D        | Killed a rust devil
  2389 | D        | Killed a red devil
  2649 | D        | Entered arena 19.
  2653 | D        | Noticed a blizzard demon
  2669 | D        | Noticed a wight
  2669 | D        | Noticed an ice beast
  2669 | D        | Noticed a tormentor
  2669 | D        | Noticed a blizzard demon
  2670 | D        | Noticed an ice devil
  2672 | D        | Noticed a vampire
  2672 | D        | Noticed a wraith
  2673 | D        | Killed a tormentor
  2673 | D        | Offered knowledge of Lehudib's Crystal Spear by Vehumet.
  2673 | D        | Offered knowledge of Glaciate by Vehumet.
  2673 | D        | Offered knowledge of Shatter by Vehumet.
  2674 | D        | Killed an ice devil
  2674 | D        | Killed an ice beast
  2676 | D        | Killed a blizzard demon
  2676 | D        | Killed a vampire
  2677 | D        | Killed a blizzard demon
  2683 | D        | Killed a wraith
  2685 | D        | Killed a wight
  2717 | D        | Entered arena 20.
  2754 | D        | Noticed a guardian mummy
  2755 | D        | Noticed a greater mummy
  2757 | D        | Noticed a mummy priest
  2757 | D        | Noticed an ushabti
  2757 | D        | Killed a guardian mummy
  2758 | D        | Noticed a guardian mummy
  2758 | D        | Noticed a greater mummy
  2758 | D        | Noticed a guardian mummy
  2758 | D        | Noticed an anubis guard
  2759 | D        | Noticed a mummy priest
  2760 | D        | Noticed a mummy priest
  2760 | D        | Noticed a greater mummy
  2760 | D        | Noticed a mummy priest
  2760 | D        | Killed a guardian mummy
  2762 | D        | Noticed an emperor scorpion
  2762 | D        | Noticed a flying skull
  2762 | D        | Killed a guardian mummy
  2765 | D        | Noticed a death scarab
  2768 | D        | Noticed an emperor scorpion
  2768 | D        | Noticed an emperor scorpion
  2768 | D        | Noticed an emperor scorpion
  2770 | D        | Noticed an emperor scorpion
  2771 | D        | Noticed an emperor scorpion
  2779 | D        | HP: 7/150 [death scarab[a greater mummy] (7)]
  2783 | D        | Slain by a red devil

Action                   |  1- 3 |  4- 6 |  7- 9 | 10-12 | 13-15 || total
-------------------------+-------+-------+-------+-------+-------++-------
Melee: Lajatang          |     3 |    18 |    13 |       |       ||    34
       Staff             |       |       |     2 |    65 |    74 ||   141
 Cast: Fireball          |       |     3 |    10 |    38 |    56 ||   107
       Bolt of Cold      |       |       |       |     1 |     1 ||     2
       Freezing Cloud    |       |       |       |       |    13 ||    13
Evoke: Wand              |       |     4 |     3 |     3 |     4 ||    14
       Disc of storms    |       |       |       |       |     7 ||     7
  Use: Potion            |     4 |       |     7 |     4 |    10 ||    25
       Scroll            |       |       |       |     1 |     3 ||     4
 Stab: Invisible         |       |       |       |     1 |     2 ||     3
  Eat: Meat ration       |       |       |     2 |       |       ||     2
       Royal jelly       |       |       |       |     3 |       ||     3
